Map: Moondance

Players

Mist

  • Race: Zerg Zerg
  • Spawn Location: 12:00

MagicalElf - Winner!

  • Race: Zerg Zerg
  • League: Bronze
  • Spawn Location: 6:00

VOD

Have the link to the VOD?

Description

just asking what could i have done better in this.

Time

  • Played on: Nov. 6, 2022, 9:48 p.m.
  • Length: 6:24
Show
View Real Time Build Order
Export as new Build Order

Mist Zerg 

Build Orders: Pool First 

Get SALT Encoding   

  12  0:06  Drone  
  13  0:11  Drone  
  14  0:20  Extractor x2  
  12  0:26  Drone x2  
  16  0:41  Spawning Pool  
  15  1:06  Overlord  
  15  1:18  Extractor  
  15  1:20  Extractor  
  15  1:22  Overlord  
  13  1:35  Spine Crawler  
  12  1:47  Drone x3  
  12  1:50  Queen  
  17  2:08  Hatchery  
  16  2:17  Drone x2  
  18  2:52  Zergling x6  
  18  2:53  Metabolic Boost  
  21  3:04  Zergling x2  
  22  3:17  Zergling x2  
  23  3:21  Zergling x2  
  23  3:26  Zergling x4  
  23  3:27  Zergling x2  
  27  3:30  Zergling x2  
  28  3:37  Zergling x2  
  29  3:41  Zergling x2  
  29  3:43  Zergling x2  
  31  3:57  Zergling x4  
  31  3:58  Zergling x4  
  31  3:59  Zergling x2  
  36  4:07  Overlord  
  36  4:25  Lair  
  30  4:51  Spine Crawler  
  30  4:52  Spine Crawler  
  19  5:00  Zergling x2  
  19  5:01  Zergling x2  
  14  5:10  Zergling x4  
  10  5:27  Zergling x2  
Show
View Real Time Build Order
Export as new Build Order

MagicalElf Zerg - Winner!

Build Orders: Hatch First 

Get SALT Encoding   

  12  0:01  Drone  
  13  0:13  Overlord  
  13  0:21  Drone  
  14  0:31  Drone  
  14  0:32  Drone  
  16  0:36  Drone  
  17  0:56  Hatchery, Drone  
  17  1:10  Spawning Pool  
  16  1:15  Extractor  
  16  1:16  Drone  
  16  1:18  Drone  
  17  1:21  Drone  
  18  1:57  Zergling x4  
  20  2:02  Queen  
  20  2:08  Queen  
  22  2:10  Drone  
  22  2:12  Drone  
  26  2:20  Roach Warren  
  25  2:34  Overlord  
  25  2:40  Overlord  
  25  2:51  Overlord  
  25  3:02  Roach x2  
  25  3:03  Roach x2  
  25  3:04  Roach  
  35  3:23  Drone x2  
  37  3:31  Ravager  
  37  3:32  Ravager  
  39  3:37  Drone  
  39  3:38  Drone x3  
  39  3:40  Overlord  
  43  3:43  Overlord  
  43  3:56  Drone  
  43  4:00  Drone  
  45  4:05  Hatchery  
  41  4:31  Zergling x2  
  41  4:32  Zergling x20  
  41  4:38  Spine Crawler  
  19  5:08  Drone x2  
  19  5:12  Drone x2  
  24  5:35  Drone  
Tags
 
League
Bronze
Matchup
ZvZ
Race
Zerg
Spawn Locations
Cross Positions
Add a new tag
Caveats
  • Supply blocks, unpowered buildings, or Contaminate may cause inaccurate times.
  • Supply counts are checked every 10 seconds.